 Dungeon Crawl Stone Soup version 0.25-a0-566-g062765be81 (console) character file.

Game seed: 8387772849876465310, levelgen mode: deterministic

39 utis the Ducker (level 3, 0/20 HPs)
             Began as a Tengu Arcane Marksman on Feb 28, 2020.
             Slain by a crimson imp (1 damage)
             ... summoned by Natasha
             ... on level 2 of the Dungeon.
             The game lasted 00:05:04 (1872 turns).

utis the Ducker (Tengu Arcane Marksman)             Turns: 1872, Time: 00:05:05

Health: 0/20       AC:  2    Str: 10    XL:     3   Next: 47%
Magic:  5/5        EV: 13    Int: 14    God:
Gold:   11         SH:  0    Dex: 14    Spells: 1/4 levels left

rFire    . . .     SeeInvis .   w - +0 shortbow
rCold    . . .     Gourm    .   (shield currently unavailable)
rNeg     . . .     Faith    .   e - +0 robe
rPois    .         Spirit   .   (helmet restricted)
rElec    .         Reflect  .   (no cloak)
rCorr    .         Harm     .   (no gloves)
MR       .....                  (boots unavailable)
Stlth    +.........             (no amulet)
HPRegen  0.06/turn              (no ring)
MPRegen  0.09/turn              (no ring)

@: no status effects
A: beak, talons 3
a: no special abilities


You were on level 2 of the Dungeon.
You were not hungry.

You visited 1 branch of the dungeon, and saw 2 of its levels.

You collected 11 gold pieces.

Inventory:

Hand Weapons
 a - a +0 short sword
 b - a +0 dagger
 w - a +0 shortbow (weapon)
Missiles
 d - 7 arrows (quivered)
 l - 59 stones
 o - 19 sling bullets
Armour
 e - a +0 robe (worn)
Scrolls
 h - a scroll of identify {@r1}
 j - a scroll of fog {unknown}
 k - a scroll of enchant armour {unknown}
 m - a scroll of teleportation {unknown}
Potions
 c - a potion of flight
 g - 2 potions of brilliance
 i - a potion of haste {@q3}
Comestibles
 f - 3 rations {@e1}


   Skills:
 - Level 1.0 Fighting
 + Level 3.3 Bows
 + Level 3.3 Dodging
 - Level 1.0 Spellcasting
 - Level 2.1 Hexes


You had one spell level left.
You knew the following spells:

 Your Spells              Type           Power        Failure   Level  Hunger
a - Corona                Hex            #......      11%         1    ##.....
w - Slow                  Hex            #.......     16%         2    ###....

Your spell library contained the following spells:

 Spells                   Type           Power        Failure   Level  Hunger
 Inner Flame              Hex/Fire       #.......     45%         3    ####...
 Portal Projectile        Hex/Tloc       #.....       45%         3    ####...
 Cause Fear               Hex            #.........   71%         4    #####..
 Leda's Liquefaction      Hex/Erth       #.........   86%         4    #####..


Dungeon Overview and Level Annotations

Branches:
Dungeon (2/15)

Altars:

Annotations:
D:2 Natasha


Innate Abilities, Weirdness & Mutations

You have a beak for a mouth.
You have claws for feet.


Message History

Firing (i - inventory. (/) - cycle)
d - 9 arrows (quivered)
Press: ? - help, Shift-Dir - straight line, f/p - crimson imp
Aim: a crimson imp (lightly wounded, summoned)
You shoot an arrow. The arrow hits the crimson imp.
The crimson imp is moderately wounded.
The crimson imp disappears in a puff of smoke!
Natasha claws you!
* * * LOW HITPOINT WARNING * * *
The crimson imp hits you.
* * * LOW HITPOINT WARNING * * *
You are too injured to fight recklessly!
Unknown command.
You are too injured to fight recklessly!
Firing (i - inventory. (/) - cycle)
d - 8 arrows (quivered)
Press: ? - help, Shift-Dir - straight line, f/p - crimson imp
Aim: a crimson imp (lightly wounded, summoned)
You shoot an arrow. The arrow hits the crimson imp.
The crimson imp is moderately wounded.
Natasha closely misses you. The crimson imp hits you.
You die...

h. '░ 5░ ░░░░░░░░░░░░ .░
░........).░ .░
░..........░ .░
░░░░░..........░░░░░░░░.░
.........➘.....5Qh5➘➘➘..░
..............§░░░░░░░░░░
░░░░░.......➘➘.░
...............░
░░░░...........░
..>░'░+░░░░░░░░░
....<...░ ░░......░
........░


You could see Natasha and 2 crimson imps.

Vanquished Creatures
  An adder (D:2)
  An ooze (D:1)
  A dart slug (D:1)
  A ball python (D:1)
  3 hobgoblins
  2 bats (D:1)
  A frilled lizard (D:1)
  4 goblins (D:1)
  6 kobolds (D:1)
  6 rats
26 creatures vanquished.

Notes
Turn   | Place    | Note
-------+----------+-------------------------------------------
     0 | D:1      | utis the Tengu Arcane Marksman began the quest for the Orb.
     0 | D:1      | Reached XP level 1. HP: 12/12 MP: 3/3
   385 | D:1      | Reached XP level 2. HP: 11/16 MP: 1/4
   469 | D:1      | Learned a level 2 spell: Slow
  1039 | D:1      | Reached XP level 3. HP: 14/20 MP: 2/5
  1852 | D:2      | Noticed Natasha
  1871 | D:2      | HP: 1/20 [crimson imp[Natasha] (2)]
  1872 | D:2      | Slain by a crimson imp

Levels and vault maps discovered:
D:1:      ebering_trefoil_3fold, layout_rooms
D:2:      layout_basic, lemuel_round_altar, grunt_temple_overflow_open,
          uniq_natasha

Skill      XL: |  1  2 |
---------------+-------+-----
Bows           | 3 |  3.3
Dodging        | 3 |  3.3
Fighting       | |  1.0
Spellcasting   | |  1.0
Hexes          | |  2.1

Action                   || total
-------------------------++-------
Melee: Dagger            ||    62
       Kick              ||    20
       Peck              ||     5
       Short sword       ||     2
 Fire: Shortbow          ||    18
 Cast: Corona            ||    33
  Use: Scroll            ||     3
       Potion            ||     1
  Eat: Chunk             ||     4
Armor: Robe              ||     6
Dodge: Dodged            ||    36

Table legend:
 A = Non-vault XP
 B = Vault XP
 C = Vault XP percentage of total XP
 D = Non-vault monster count
 E = Vault monster count
 F = Vault count percentage of total count
                 A         B        C        D         E       F
            +---------+---------+-------+---------+---------+-------
      Total |      57 |       0 |   0.0 |      26 |       0 |   0.0
            +---------+---------+-------+---------+---------+-------
        D:1 |      41 |       0 |   0.0 |      23 |       0 |   0.0
        D:2 |      16 |       0 |   0.0 |       3 |       0 |   0.0
            +---------+---------+-------+---------+---------+-------
